cohdb
Replays
Latest Replays
All Replays
Popular Replays
Top Player Replays
Match Explorer
How It Works
Community
CoH3 Stats
Reddit
Sign in to upload your games and track your stats! →
Sign in with Steam
Match 30853001
Unlisted
Match 30853001
Overview
Messages
Build Orders
End
Panzergrenadier Squad
Selects Armored Support Battlegroup
Panzergrenadier Squad
Panzergrenadier Squad
Construct Light Support Kompanie
2.5-tonne Medical Truck
Selects Veteran Gunners
MG34 Team
2.5-tonne Medical Truck
Construct Mechanized Kompanie
Marder III Tank Destroyer
Selects Salvage Kits
Selects Panzer Storm
Support Armor Elements
Veteran Squad Leaders
Selects Stuka Dive Bomb
2.5-tonne Medical Truck
StuG III D Assault Gun
Selects Flammpanzer III Medium Tank
Flammpanzer III Medium Tank
Marder III Tank Destroyer
Sterben
SirHilaryManfat
二郎显圣真君
Adamo
water
BOS
0
0
Comments
sign in to comment!
No comments posted yet!